 Dungeon Crawl Stone Soup version 0.23.0 (webtiles) character file.

Game seed: 6145021531183773455

687 Kondrat the Blocker (level 7, 0/52 HPs)
             Began as a Formicid Fighter on Feb 9, 2019.
             Slain by an orc warrior
             ... wielding a cursed -3 scimitar
              (11 damage)
             ... on level 6 of the Dungeon.
             The game lasted 00:09:10 (3855 turns).

Kondrat the Blocker (Formicid Fighter)              Turns: 3855, Time: 00:09:11

Health: 0/52       AC: 12    Str: 22    XL:     7   Next: 94%
Magic:  0/7        EV:  8    Int:  8    God:
Gold:   182        SH: 11    Dex: 10    Spells: 6/6 levels left

rFire    . . .     SeeInvis +   a - +0 quarterstaff
rCold    . . .     Gourm    .   c - +0 shield
rNeg     . . .     Faith    .   s - +0 chain mail
rPois    .         Spirit   +   (helmet unavailable)
rElec    .         Reflect  .   v - +0 cloak
rCorr    .         Harm     .   m - +0 pair of gloves
MR       +....                  (no boots)
Stlth    ..........             b - amulet of guardian spirit
HPRegen  0.17/turn              q - ring of protection from magic (curse)
MPRegen  0.10/turn              (no ring)

@: starving
A: permanent stasis, dig shafts and tunnels, four strong arms, antennae 3
a: Dig, Shaft Self


You were on level 6 of the Dungeon.
You were starving.

You visited 1 branch of the dungeon, and saw 6 of its levels.

You collected 182 gold pieces.

Inventory:

Hand Weapons
 a - a +0 quarterstaff (weapon)
 w - a +0 war axe
 x - a +2 flail of crushing
Armour
 c - a +0 shield (worn)
 m - a +0 pair of gloves (worn)
 s - a +0 chain mail (worn)
 v - a +0 cloak (worn)
Jewellery
 b - an amulet of guardian spirit (around neck)
 n - an uncursed ring of fire
 q - a cursed ring of protection from magic (left hand)
Wands
 t - a wand of random effects (23)
Scrolls
 g - a scroll of blinking {unknown}
 h - 3 scrolls of teleportation {unknown}
 i - a scroll of amnesia {unknown}
 j - 2 scrolls of remove curse {unknown}
 o - 2 scrolls of identify {unknown}
 p - a scroll of random uselessness {unknown}
 y - a scroll of fog {unknown}
 A - a scroll of enchant armour {unknown}
Potions
 d - a potion of might
 e - a potion of lignification {unknown}
 r - a potion of agility {unknown}
 u - a potion of ambrosia {unknown}
 z - a potion of cancellation {unknown}
Comestibles
 f - 6 rations


   Skills:
 - Level 3.2 Fighting
 - Level 2.0 Staves
 + Level 5.8 Armour
 - Level 9.0 Shields


You had 6 spell levels left.
You didn't know any spells.
Your spell library was empty.

Dungeon Overview and Level Annotations

Branches:
Dungeon (6/15)
 Temple: D:4-7

Altars:
Gozag
Sif Muna
Trog
Vehumet
Yredelemnul

Annotations:
D:3 Grinder
D:4 2 transporters, exclusion: statue


Innate Abilities, Weirdness & Mutations

You cannot be hasted, slowed, berserked, paralysed or teleported.
You can dig through walls and to a lower floor.
Your four strong arms can wield two-handed weapons with a shield.
You have a pair of large antennae on your head. (SInv)


Message History

You thump the orc warrior!
The orc warrior is almost dead.
The orc warrior hits you with a cursed -3 scimitar!!
* * * LOW HITPOINT WARNING * * *
It was a potion of berserk rage.
Your stasis prevents you from going berserk.
The orc warrior barely misses you.
You feel better. You block the orc warrior's attack.
You are starving!
You hit the orc warrior but do no damage.
The orc warrior is almost dead.
You block the orc warrior's attack.
You closely miss the orc warrior.
The orc warrior is almost dead.
The orc warrior hits you with a cursed -3 scimitar.
* * * LOW HITPOINT WARNING * * *
You hit the orc warrior but do no damage.
The orc warrior is almost dead.
The orc warrior hits you with a cursed -3 scimitar!
You die...

# ###...#.........#
###....###........#
.....### #.........
...### #....##... ..##
##...# ....... ###
#..## ....... # #..#
....... #..# ###
....h.. ##..###@#
......F
#...##o###.......
#....##{#....# .#
#...##.#{Z..#
.....#####...####....#
.............##.....##
...................##
.######............#
## #...............


You could see an orc warrior.

Vanquished Creatures
  Edmund (D:4)
  An ogre (D:6)
  A bullfrog (D:6)
  A scorpion (D:4)
  A howler monkey (D:6)
  A hound (D:4)
  A centaur skeleton (D:4)
  2 orc wizards (D:4)
  3 worker ants
  A killer bee zombie (D:5)
  3 adders
  3 oozes
  An adder skeleton (D:4)
  A worm (D:2)
  3 dart slugs
  A leopard gecko (D:3)
  4 orcs
  A ball python (D:4)
  4 giant cockroaches
  8 hobgoblins (D:1)
  13 jackals
  A quokka (D:4)
  8 bats
  3 frilled lizards
  8 goblins
  8 kobolds
  4 rats
87 creatures vanquished.

Notes
Turn   | Place    | Note
-------+----------+-------------------------------------------
     0 | D:1      | Kondrat the Formicid Fighter began the quest for the Orb.
     0 | D:1      | Reached XP level 1. HP: 18/18 MP: 1/1
     8 | D:1      | Reached skill level 4 in Shields
    17 | D:1      | Reached XP level 2. HP: 24/24 MP: 2/2
    23 | D:1      | You fall through a shaft!
    68 | D:2      | Found a deep blue altar of Sif Muna.
   267 | D:2      | Reached skill level 5 in Shields
   267 | D:2      | Reached XP level 3. HP: 24/29 MP: 3/3
   373 | D:2      | Found an opulent altar of Gozag.
   430 | D:2      | Reached XP level 4. HP: 33/35 MP: 4/4
  1120 | D:1      | Reached skill level 6 in Shields
  1781 | D:3      | Noticed Grinder
  1786 | D:3      | Reached XP level 5. HP: 22/41 MP: 2/5
  2019 | D:2      | You fall through a shaft for 2 floors!
  2054 | D:4      | Found a bloodstained altar of Trog.
  2061 | D:4      | Reached skill level 7 in Shields
  2071 | D:4      | Found a radiant altar of Vehumet.
  2083 | D:4      | Noticed a frost-covered statue
  2129 | D:4      | Reached XP level 6. HP: 39/47 MP: 6/6
  2443 | D:4      | Reached skill level 8 in Shields
  2564 | D:4      | Found a transporter.
  2627 | D:4      | Noticed Edmund
  2628 | D:4      | Found a transporter.
  2639 | D:4      | Killed Edmund
  2639 | D:4      | Reached XP level 7. HP: 47/52 MP: 4/7
  2690 | D:4      | Reached skill level 9 in Shields
  2971 | D:5      | Entered Level 5 of the Dungeon
  3329 | D:5      | Found a basalt altar of Yredelemnul.
  3483 | D:5      | Found a deep blue altar of Sif Muna.
  3695 | D:6      | Reached skill level 5 in Armour
  3850 | D:6      | HP: 1/52 [orc warrior/cursed -3 scimitar (16)]
  3855 | D:6      | Slain by an orc warrior

Skill      XL: |  1  2  3  4  5  6  7 |
---------------+----------------------+-----
Shields        | 4 5 6 7 8 9 |  9.0
Armour         | 5 |  5.8
Fighting       | |  3.2
Staves         | |  2.0

Action                   |  1- 3 |  4- 6 |  7- 9 || total
-------------------------+-------+-------+-------++-------
Melee: Quarterstaff      |    88 |   194 |   102 ||   384
 Abil: Shaft Self        |     1 |     1 |       ||     2
       Dig               |     1 |     1 |     3 ||     5
Evoke: Wand              |       |       |     1 ||     1
  Use: Potion            |       |       |     3 ||     3
  Eat: Chunk             |       |     4 |     2 ||     6
       Ration            |       |     1 |       ||     1
Armor: Scale mail        |    41 |    81 |       ||   122
       Chain mail        |       |    37 |    43 ||    80
Dodge: Dodged            |    22 |    74 |    37 ||   133
Block: Shield            |    44 |   147 |    70 ||   261
